 Dungeon Crawl Stone Soup version 0.25-a0-890-g62861fb195 (webtiles) character file.

Game seed: 3473785921133661163, levelgen mode: deterministic

15366 Flugkiller the Slicer (level 12, -8/73 HPs)
             Began as a Demonspawn Warper on May 2, 2020.
             Was a Follower of Uskayaw.
             Mangled by a large abomination (29 damage)
             ... on level 3 of the Abyss.
             The game lasted 00:18:50 (10774 turns).

Flugkiller the Slicer (Demonspawn Warper)          Turns: 10774, Time: 00:18:50

Health: -8/73      AC: 15    Str: 15    XL:     12   Next: 0%
Magic:  18/18      EV: 15    Int: 14    God:    Uskayaw [*.....]
Gold:   155        SH:  0    Dex: 13    Spells: 15/15 levels left

rFire    . . .     SeeInvis .   m - +2 short sword (elec)
rCold    . . .     Gourm    .   (no shield)
rNeg     . . .     Faith    .   H - +3 leather armour {rPois}
rPois    +         Spirit   .   (helmet restricted)
rElec    .         Reflect  .   (no cloak)
rCorr    +         Harm     .   J - +0 pair of gloves of the Thunderstorm {+Inv Stlth+} (curse)
MR       .....     Rnd*Tele +   M - +1 pair of boots {run}
Stlth    ++........             q - amulet of magic regeneration
HPRegen  0.00/turn              k - ring of resist corrosion
MPRegen  0.41/turn              b - +1 ring of slaying

@: sanguine armour, stab, non-regenerating, mildly diseased, quick
A: horns 1, [blurry vision 1], [dopey 1], [frail 2], powered by death 3,
[teleportitis 1], sanguine armour 1
a: Stomp, Renounce Religion, Evoke Invisibility


You were on level 3 of the Abyss.
You worshipped Uskayaw.
Uskayaw was aware of your devotion.
You were not hungry.

You visited 2 branches of the dungeon, and saw 12 of its levels.
You visited the Abyss 1 time.

You collected 620 gold pieces.
You spent 465 gold pieces at shops.

Inventory:

Hand Weapons
 m - a +2 short sword of electrocution (weapon)
   (You took it off a kobold on level 2 of the Dungeon)
 v - a +0 short sword of venom
   (You took it off an orc on level 3 of the Dungeon)
 D - a +3 vampiric rapier
   (You took it off Eustachio on level 6 of the Dungeon)
Missiles
 e - 9 boomerangs of dispersal (quivered)
 u - 4 throwing nets
Armour
 c - a +0 pair of gloves of archery
   (You found it on level 7 of the Dungeon)
 H - a +3 leather armour of poison resistance (worn)
   (You took it off Joseph on level 7 of the Dungeon)
 J - the cursed +0 pair of gloves of the Thunderstorm (worn) {+Inv Stlth+}
   (You bought it in a shop on level 6 of the Dungeon)

   It lets you turn invisible.
   It makes you more stealthy.
   It has a curse placed upon it.
 M - a +1 pair of boots of running (worn)
   (You found it on level 10 of the Dungeon)
Jewellery
 b - a +1 ring of slaying (right hand)
   (You found it on level 7 of the Dungeon)
 k - a ring of resist corrosion (left hand)
   (You found it on level 1 of the Dungeon)
 q - an amulet of magic regeneration (around neck)
   (You found it on level 2 of the Dungeon)
Wands
 I - a wand of acid (1)
   (You found it on level 8 of the Dungeon)
Scrolls
 d - 5 scrolls of blinking
 g - 4 scrolls of fog
 h - 5 scrolls of remove curse
 j - 4 scrolls of magic mapping
 l - a scroll of amnesia {unknown}
 C - a scroll of immolation
 E - a scroll of enchant armour
Potions
 n - a potion of heal wounds {unknown}
 o - 2 potions of brilliance
 w - a potion of stabbing
 x - a potion of flight
 z - a potion of resistance {unknown}
 A - a potion of curing
 F - a potion of ambrosia {unknown}
 G - 2 potions of mutation
Comestibles
 f - 17 rations


   Skills:
 - Level 8.0 Fighting
 - Level 12.0 Short Blades
   Level 2.0 Polearms
 - Level 0.8 Throwing
 - Level 4.0 Armour
 + Level 7.2 Dodging
 - Level 2.0 Spellcasting
   Level 2.6 Translocations
 - Level 9.0 Invocations
 - Level 5.0 Evocations


You had 15 spell levels left.
You didn't know any spells.
Your spell library contained the following spells:

 Spells                   Type           Power        Failure   Level  Hunger
 Apportation              Tloc           #.....       10%         1    ##.....
 Blink                    Tloc           N/A          14%         2    ###....
 Shroud of Golubria       Chrm/Tloc      #.....       26%         2    ###....
 Animate Skeleton         Necr           N/A          28%         1    ##.....
 Corona                   Hex            #......      28%         1    ##.....
 Freeze                   Ice            #...         28%         1    ##.....
 Magic Dart               Conj           #...         28%         1    ##.....
 Summon Small Mammal      Summ           #...         28%         1    ##.....
 Gell's Gravitas          Tloc           #.........   28%         3    ####...
 Lesser Beckoning         Tloc           #.........   28%         3    ####...
 Teleport Other           Tloc           #.......     28%         3    ####...
 Call Imp                 Summ           #.......     41%         2    ###....
 Poisonous Vapours        Pois/Air       #.....       41%         2    ###....
 Slow                     Hex            #.......     41%         2    ###....
 Portal Projectile        Hex/Tloc       #.....       45%         3    ####...
 Conjure Flame            Conj/Fire      #.......     65%         3    ####...
 Frozen Ramparts          Ice            #.....       65%         3    ####...
 Inner Flame              Hex/Fire       #.......     65%         3    ####...
 Mephitic Cloud           Conj/Pois/Air  #.......     65%         3    ####...
 Ozocubu's Armour         Chrm/Ice       #.......     65%         3    ####...
 Passage of Golubria      Tloc           N/A          67%         4    #####..
 Cause Fear               Hex            #.........   96%         4    #####..
 Hailstorm                Conj/Ice       #.......     96%         4    #####..
 Leda's Liquefaction      Hex/Erth       #.........   96%         4    #####..
 Summon Ice Beast         Ice/Summ       #.......     96%         4    #####..
 Freezing Cloud           Conj/Ice/Air   #.........   100%        6    #######
 Ring of Flames           Chrm/Fire      #.........   100%        7    #######


Dungeon Overview and Level Annotations

Branches:
Dungeon (11/15)            Temple (1/1) D:7
   Lair: D:8-11         Orc: D:9-12

Altars:
Ashenzari
Elyvilon
Fedhas
Hepliaklqana
Kikubaaqudgha
Makhleb
Okawaru
Qazlal
Ru
Sif Muna
Trog
Uskayaw
Vehumet
Wu Jian
Xom
Zin
The Shining One

Shops:
D:4 *?   D:6 **[?   D:10 =

Annotations:
D:7 1 runed translucent door, Xiguana's ghost, novice OgVM
D:11 Erolcha
Abyss:3 3 runed translucent doors


Innate Abilities, Weirdness & Mutations

You have a pair of small horns on your head.
You regenerate a lot of health from kills.
When seriously injured, your bleeding wounds create armour. (AC +6)
[Scrolls take you a little longer to read.]
[You are dopey. (Int -2)]
[You are very frail. (-20% HP)]
[You are occasionally teleported next to monsters.]


Message History

Unknown command.
You closely miss the ynoxinul.
The ynoxinul is almost dead.
Unknown command.
You hit the ynoxinul but do no damage. You headbutt the ynoxinul.
You kill the ynoxinul!
The ufetubus disappears in a puff of smoke! x2
You feel the corruption within you wane somewhat.
You feel clever.
Your vision sharpens a little.
You feel stable.
You have reached level 12!
Your experience leads to an increase in your attributes!
Your base attributes are Str 15, Int 15, Dex 12.
Increase (S)trength, (I)ntelligence, or (D)exterity?
You feel agile.
You feel clever.
Unknown command.
Unknown command.
You are suddenly pulled into a different region of the Abyss!
Found 25 bolts.
You start resting.
You can no longer pass through a line of other dancers.
An ancient zyme comes into view.
You feel ill.
Unknown command.
You see here 25 bolts.
You start resting.
A large abomination comes into view.
Evoke which item? (* to show all) (? for menu, Esc to quit)
Okay, then.
Unknown command.
It was a potion of stabbing.
You feel ready to backstab.
Okay, then.
Evoke which item? (* to show all) (? for menu, Esc to quit)
Aiming: Corrosive Bolt
Press: ? - help, Shift-Dir - straight line, f - large abomination
Aim: a large abomination The bolt of acid hits the large abomination!
The large abomination is splashed with acid.
The acid corrodes the large abomination!
The large abomination is heavily damaged.
Unknown command.
Unknown command.
You hit the large abomination. You headbutt the large abomination.
The large abomination is heavily damaged.
The large abomination closely misses you.
Unknown command.
You hit the large abomination.
The large abomination is heavily damaged.
The large abomination hits you!!
You die...

#... ###..
≈.#
#.....###.
# .##.
#...# ##
##.....##
. ## # # .
# ##(#
#### #@.#
##X# ...
..## #..
..# ##. ##


You could see a large abomination.

Vanquished Creatures
  A ghost crab (Abyss:3)
  5 two-headed ogres
  A thrashing horror (Abyss:3)
  An unseen horror (D:9)
  A manticore (D:11)
  Joseph (D:7)
  3 kobold demonologists (D:11)
  2 ancient zymes (Abyss:3)
  4 trolls (D:9)
  A hippogriff (D:11)
  A hornet (D:5)
  6 yaks (D:11)
  A ynoxinul (Abyss:3)
  An air elemental (Abyss:3)
  Eustachio (D:6)
  A chaos spawn (Abyss:3)
  Menkaure (D:7)
  Edmund (D:4)
  A large abomination (Abyss:3)
  4 small abominations (Abyss:3)
  2 water moccasins
  A porcupine (D:11)
  Purgy (D:4)
  2 ice beasts (D:6)
  2 orc warriors (D:8)
  4 sky beasts
  2 black bears
  6 ogres
  A necrophage (D:11)
  2 phantoms (D:9)
  3 centaurs
  A big kobold (D:11)
  10 bullfrogs
  2 scorpions
  6 wights
  4 howler monkeys
  5 crimson imps
  A centaur zombie (D:5)
  A bullfrog zombie (D:8)
  A bullfrog skeleton (D:6)
  4 hounds
  A jelly (D:11)
  An orc priest (D:8)
  A gnoll shaman (D:7)
  7 orc wizards
  7 iguanas
  Natasha (thrice) (D:2)
  10 worker ants
  A hound zombie (D:7)
  Robin (D:2)
  3 howler monkey skeletons
  2 howler monkey zombies
  8 adders
  14 gnolls
  5 shadow imps
  A white imp (Abyss:3)
  An adder skeleton (D:8)
  5 worms
  2 dart slugs
  6 leopard geckos
  20 orcs
  A ball python (D:5)
  7 giant cockroaches
  10 goblins
  9 hobgoblins
  11 jackals
  4 quokkas
  3 bats
  3 frilled lizards
  A jackal zombie (D:5)
  13 kobolds
  7 rats
267 creatures vanquished.

Vanquished Creatures (others)
  A wight (D:11)
  8 fungi (D:11)
  A plant (D:11)
  4 tentacles (Abyss:3)
14 creatures vanquished.

Grand Total: 281 creatures vanquished

Notes
Turn   | Place    | Note
-------+----------+-------------------------------------------
     0 | D:1      | Flugkiller the Demonspawn Warper began the quest for the
                  | Orb.
     0 | D:1      | Reached XP level 1. HP: 16/16 MP: 3/3
   495 | D:1      | Gained mutation: When seriously injured, your bleeding
                  | wounds create armour. (AC +6) [demonic ancestry]
   495 | D:1      | Reached XP level 2. HP: 11/23 MP: 5/5
  1469 | D:2      | Reached XP level 3. HP: 15/29 MP: 6/6
  1495 | D:2      | Reached skill level 1 in Short Blades
  1670 | D:2      | Found a shimmering blue altar of Sif Muna.
  1690 | D:2      | Noticed Natasha
  1697 | D:2      | Killed Natasha
  1738 | D:2      | Noticed Natasha
  1750 | D:2      | Killed Natasha
  1750 | D:2      | Gained mutation: You regenerate a little health from kills.
                  | [demonic ancestry]
  1750 | D:2      | Reached XP level 4. HP: 24/37 MP: 7/7
  1770 | D:2      | Noticed Natasha
  1777 | D:2      | Killed Natasha
  1777 | D:2      | Reached skill level 2 in Short Blades
  2069 | D:2      | Noticed a fire elemental
  2070 | D:2      | Found a stormy altar of Qazlal.
  2071 | D:2      | Noticed a water elemental
  2071 | D:2      | Noticed an air elemental
  2071 | D:2      | Noticed an earth elemental
  2297 | D:2      | Noticed Robin
  2311 | D:2      | Gained mutation: You regenerate health from kills. [demonic
                  | ancestry]
  2311 | D:2      | Reached XP level 5. HP: 22/42 MP: 8/8
  2332 | D:2      | Killed Robin
  2927 | D:3      | Reached skill level 3 in Short Blades
  3260 | D:3      | Found an iron altar of Okawaru.
  3281 | D:3      | Reached XP level 6. HP: 50/50 MP: 9/9
  3416 | D:4      | Reached skill level 5 in Fighting
  3541 | D:4      | Noticed Edmund
  3561 | D:4      | Killed Edmund
  3563 | D:4      | Reached skill level 4 in Short Blades
  3661 | D:4      | Found Toho Humn's General Store.
  3667 | D:4      | Bought a scroll of magic mapping for 45 gold pieces
  3737 | D:4      | Found a radiant altar of Vehumet.
  3947 | D:4      | Found Porgh's Magic Scroll Shoppe.
  3950 | D:4      | Reached XP level 7. HP: 56/58 MP: 10/10
  3955 | D:4      | Bought a scroll of teleportation for 33 gold pieces
  3955 | D:4      | Bought a scroll of fear for 38 gold pieces
  3955 | D:4      | Bought a scroll of fog for 22 gold pieces
  4104 | D:4      | Noticed Purgy
  4116 | D:4      | Killed Purgy
  4308 | D:5      | Entered Level 5 of the Dungeon
  4336 | D:5      | Reached skill level 5 in Short Blades
  4448 | D:5      | Reached skill level 6 in Short Blades
  4552 | D:5      | Noticed a hornet
  4753 | D:5      | Gained mutation: You regenerate a lot of health from kills.
                  | [demonic ancestry]
  4753 | D:5      | Reached XP level 8. HP: 38/64 MP: 11/11
  4882 | D:5      | Killed a hornet
  4882 | D:5      | Reached skill level 7 in Short Blades
  5239 | D:6      | Reached skill level 8 in Short Blades
  5395 | D:6      | Reached skill level 9 in Short Blades
  5433 | D:6      | Found Didwet's Armour Emporium.
  5472 | D:6      | Noticed Eustachio
  5488 | D:6      | Killed Eustachio
  5488 | D:6      | Reached XP level 9. HP: 62/69 MP: 12/12
  5512 | D:6      | Found Lon Hauh's General Store.
  5623 | D:6      | Found Biomniu's Magic Scroll Shoppe.
  5631 | D:6      | Bought a scroll of enchant armour for 90 gold pieces
  5631 | D:6      | Bought a scroll of teleportation for 36 gold pieces
  5801 | D:6      | Found Biqotac's Assorted Antiques.
  5908 | D:7      | Noticed Joseph
  5936 | D:7      | Killed Joseph
  5936 | D:7      | Reached skill level 10 in Short Blades
  6026 | D:7      | Found a runed translucent door.
  6026 | D:7      | Found a shimmering altar of Xom.
  6026 | D:7      | Noticed Xiguana's ghost (novice OgVM)
  6026 | D:7      | Noticed a +6 dagger of chaos
  6062 | D:7      | Noticed Menkaure
  6070 | D:7      | Killed Menkaure
  6217 | D:7      | Found an ancient bone altar of Kikubaaqudgha.
  6228 | D:7      | Found a staircase to the Ecumenical Temple.
  6305 | Temple   | Entered the Ecumenical Temple
  6354 | Temple   | Became a worshipper of Uskayaw the Reveler
  6471 | D:7      | Reached * piety under Uskayaw
  6477 | D:7      | Found a glowing silver altar of Zin.
  6525 | D:7      | Reached ** piety under Uskayaw
  6532 | D:7      | Reached skill level 1 in Invocations
  6621 | D:7      | Found a sacrificial altar of Ru.
  6727 | D:7      | Found a blossoming altar of Fedhas.
  6839 | D:8      | Reached *** piety under Uskayaw
  6840 | D:8      | Reached **** piety under Uskayaw
  6845 | D:8      | Reached ***** piety under Uskayaw
  6883 | D:8      | Reached ****** piety under Uskayaw
  6945 | D:8      | Reached XP level 10. HP: 77/77 MP: 13/13
  7383 | D:6      | Bought the cursed +0 pair of gloves of the Thunderstorm
                  | {+Inv Stlth+} for 201 gold pieces
  7614 | D:9      | Reached skill level 1 in Evocations
  7658 | D:9      | Reached skill level 5 in Invocations
  8234 | D:10     | Entered Level 10 of the Dungeon
  8262 | D:10     | Identified a +1 pair of boots of running (You found it on
                  | level 10 of the Dungeon)
  8386 | D:9      | Killed an unseen horror
  8517 | D:10     | Found Urchufuph's Jewellery Shop.
  8543 | D:10     | Noticed a two-headed ogre
  8572 | D:10     | Killed a two-headed ogre
  8572 | D:10     | Reached skill level 5 in Evocations
  8978 | D:10     | Noticed a two-headed ogre
  9372 | D:10     | Killed a two-headed ogre
  9372 | D:10     | Gained mutation: You have a pair of small horns on your
                  | head. [demonic ancestry]
  9372 | D:10     | Reached XP level 11. HP: 84/84 MP: 17/17
  9504 | D:11     | Noticed a two-headed ogre
  9509 | D:11     | Noticed a two-headed ogre
  9519 | D:11     | Noticed a two-headed ogre
  9520 | D:11     | Reached skill level 11 in Short Blades
  9584 | D:11     | Killed a two-headed ogre
  9586 | D:11     | Killed a two-headed ogre
  9592 | D:11     | Killed a two-headed ogre
  9592 | D:11     | Reached skill level 12 in Short Blades
  9807 | D:11     | Noticed Erolcha
  9819 | D:11     | Cast into level 2 of the Abyss (Erolcha)
  9843 | Abyss:3  | Found a sacrificial altar of Ru.
  9856 | Abyss:3  | Found an ancient bone altar of Kikubaaqudgha.
  9857 | Abyss:3  | Found a runed translucent gate.
  9857 | Abyss:3  | Found a runed translucent gate.
  9857 | Abyss:3  | Found a runed translucent gate.
  9990 | Abyss:3  | Noticed a bone dragon
 10290 | Abyss:3  | Noticed a kraken
 10297 | Abyss:3  | Noticed a ghost crab
 10324 | Abyss:3  | Reached skill level 5 in Dodging
 10326 | Abyss:3  | Noticed a spectral stone giant
 10338 | Abyss:3  | Killed a ghost crab
 10470 | Abyss:3  | Noticed a sixfirhy
 10684 | Abyss:3  | Noticed a thrashing horror
 10685 | Abyss:3  | Noticed a wretched star
 10700 | Abyss:3  | Killed a thrashing horror
 10713 | Abyss:3  | Noticed a wretched star
 10732 | Abyss:3  | Reached XP level 12. HP: 21/73 MP: 18/18
 10774 | Abyss:3  | Mangled by a large abomination

Levels and vault maps discovered:
D:1:      dpeg_arrival_shrine, layout_basic
D:2:      layout_basic, overflow_temple_1_default,
          nicolae_qazlal_style_of_elements, first_ration,
          chequers_serial_rivers_room_a, uniq_natasha, uniq_robin
D:3:      layout_basic, lemuel_doored_altar
D:4:      minmay_recursive_quarters, layout_loops_corners, vehumet_crystals,
          serial_shops, nicolae_shop_statue_plus, shop_fountains,
          supply_closet_lemuel, uniq_edmund, uniq_purgy
D:5:      layout_cave_pods
D:6:      layout_basic, serial_shops, nicolae_shop_statue_plus,
          nicolae_shop_overgrown_old_shop, shop,
          nicolae_shop_competitors_out_of_business, uniq_eustachio
D:7:      layout_loops_ring, kennysheep_mini_moat,
          nicolae_ru_the_path_less_chosen, fedhas_altar_4, lemuel_round_altar,
          minmay_temple_entry_tees, ebering_ghost_xom, uniq_joseph,
          uniq_menkaure
D:8:      layout_cave_pools
D:9:      layout_basic
D:10:     layout_cave_pools, serial_shops, shop
D:11:     layout_rooms, grunt_lair_entry_orc_guard_hut, uniq_erolcha, uniq_grum
Temple:   jpeg_temple_clearing
Abyss:3:  base: D:13, evilmike_abyss_rune_elephants_shrine,
          hangedman_stitches_earthworm, hangedman_decor_lopped,
          evilmike_abyss_exit_10, abyss_greek_temple,
          evilmike_nicolae_abyss_rune_betentacled_crabyss,
          lemuel_flamethrower_3, hangedman_relentless_pull,
          nicolae_abyss_rune_star_stuff, hangedman_relentless_pull,
          evilmike_abyss_rune_ettins, evilmike_abyss_exit_plants,
          evilmike_abyss_rune_siren_acolytes

Skill      XL: |  1  2  3  4  5  6  7  8  9 10 11 |
---------------+----------------------------------+-----
Polearms       | 2 |  2.0
Fighting       | 3 4 6 7 8 |  8.0
Short Blades   | 1 2 3 4 6 9 10 12 | 12.0
Armour         | 4 |  4.0
Dodging        | 4 7 |  7.2
Invocations    | 3 9 |  9.0
Evocations     | 5 |  5.0
Throwing       | |  0.8
Spellcasting   | |  2.0
Translocations | |  2.6

Action                   |  1- 3 |  4- 6 |  7- 9 | 10-12 || total
-------------------------+-------+-------+-------+-------++-------
Melee: Spear             |    60 |       |       |       ||    60
       Short sword       |    32 |   246 |   415 |   420 ||  1113
       Headbutt          |       |       |       |    45 ||    45
Invok: Stomp             |       |       |       |     7 ||     7
 Abil: Evoke Invisibilit |       |       |       |     1 ||     1
Evoke: Wand              |       |       |       |    11 ||    11
  Use: Scroll            |       |     5 |     4 |     6 ||    15
       Potion            |       |       |     1 |     8 ||     9
 Stab: Sleeping          |       |       |     2 |     1 ||     3
       Distracted        |       |       |     1 |       ||     1
       Paralysed         |       |       |     3 |    20 ||    23
       Invisible         |       |       |       |     3 ||     3
  Eat: Ration            |     1 |       |       |     1 ||     2
       Chunk             |       |     7 |     9 |    10 ||    26
Armor: Leather armour    |     8 |       |    39 |   108 ||   155
       Plate armour      |    36 |   182 |    25 |       ||   243
       Troll leather arm |       |       |    70 |       ||    70
       Skin              |       |       |     4 |    10 ||    14
Dodge: Dodged            |    21 |    31 |   200 |   207 ||   459

Table legend:
 A = Non-vault XP
 B = Vault XP
 C = Vault XP percentage of total XP
 D = Non-vault monster count
 E = Vault monster count
 F = Vault count percentage of total count
                 A         B        C        D         E       F
            +---------+---------+-------+---------+---------+-------
      Total |   19341 |    2611 |  11.9 |     245 |      22 |   8.2
            +---------+---------+-------+---------+---------+-------
        D:1 |      18 |       0 |   0.0 |       9 |       0 |   0.0
        D:2 |     144 |      69 |  32.4 |      21 |      12 |  36.4
        D:3 |     150 |       0 |   0.0 |      36 |       0 |   0.0
        D:4 |     130 |     419 |  76.3 |       7 |       4 |  36.4
        D:5 |     997 |       0 |   0.0 |      23 |       0 |   0.0
        D:6 |    1124 |     197 |  14.9 |      23 |       1 |   4.2
        D:7 |     958 |     647 |  40.3 |      28 |       2 |   6.7
        D:8 |    1184 |       0 |   0.0 |      27 |       0 |   0.0
        D:9 |    2715 |       0 |   0.0 |      15 |       0 |   0.0
       D:10 |    2754 |       0 |   0.0 |      20 |       0 |   0.0
       D:11 |    6231 |     351 |   5.3 |      24 |       2 |   7.7
    Abyss:3 |    2936 |     928 |  24.0 |      12 |       1 |   7.7
            +---------+---------+-------+---------+---------+-------
